 Dungeon Crawl Stone Soup version 0.19.4-10-g532645f (webtiles) character file.

112 Kosschaser the Bolt Thrower (level 5, -7/31 HPs)
             Began as a Kobold Hunter on Feb 23, 2017.
             Mangled by an ogre
             ... wielding a +0 giant club
              (27 damage)
             ... on level 3 of the Dungeon.
             The game lasted 00:14:11 (2765 turns).

Kosschaser the Bolt Thrower (Kobold Hunter)         Turns: 2765, Time: 00:14:12

Health: -7/31      AC:  5    Str: 10    XL:     5   Next: 16%
Magic:  5/5        EV: 15    Int: 12    God:
Gold:   211        SH:  5    Dex: 20    Spells: 1 memorised, 2 levels left

rFire  + . .     SeeInvis .     b - +0 short sword
rCold  . . .     Gourm    .     c - +0 leather armour
rNeg   . . .     Faith    .     (shield restricted)
rPois  .         Spirit   .     p - +0 helmet
rElec  .         Reflect  +     (no cloak)
rCorr  .         Harm     .     h - +0 pair of gloves
MR     .....                    (no boots)
Stlth  ++........               m - +5 amulet of reflection
                                v - ring of protection from fire
                                l - +4 ring of dexterity

@: no status effects
A: carnivore 3
a: no special abilities


You were on level 3 of the Dungeon.
You were full.

You visited 1 branch of the dungeon, and saw 3 of its levels.

You collected 211 gold pieces.

Inventory:

Hand Weapons
 a - a +1 hand crossbow
 b - a +0 short sword (weapon)
Missiles
 d - 49 bolts
Armour
 c - a +0 leather armour (worn)
 h - a +0 pair of gloves (worn)
 p - a +0 helmet (worn)
Jewellery
 l - a +4 ring of dexterity (left hand)
 m - a +5 amulet of reflection (around neck)
 v - a ring of protection from fire (right hand)
Scrolls
 g - 4 scrolls of identify {unknown}
 k - 3 scrolls of fear {unknown}
 s - 2 scrolls of remove curse {unknown}
 u - a scroll of teleportation {unknown}
 w - a scroll of recharging {unknown}
Potions
 e - 3 potions of curing {unknown}
 j - 2 potions of flight {unknown}
 n - a potion of mutation {unknown}
 o - a potion of lignification {unknown}
 q - a potion of resistance {unknown}
 r - 2 potions of haste {unknown}
Books
 t - a book of Maledictions

   Spells                             Type                      Level
   a - Corona                         Hexes                        1
   b - Ensorcelled Hibernation        Hexes/Ice                    2
   c - Confuse                        Hexes                        3
   d - Tukima's Dance                 Hexes                        3
   e - Dazzling Spray                 Conjuration/Hexes            3
Comestibles
 f - 4 meat rations
 i - 2 beef jerkies
 x - a royal jelly


   Skills:
 + Level 2.6 Fighting
 + Level 1.5 Short Blades
 + Level 5.7 Crossbows
 + Level 1.0 Armour
 + Level 3.1 Dodging
 * Level 3.3 Stealth


You had 2 spell levels left.
You knew the following spells:

 Your Spells              Type           Power        Failure   Level  Hunger
a - Ensorcelled Hibernat  Hex/Ice        #.....       71%         2    ###....


Dungeon Overview and Level Annotations

Branches:
Dungeon (3/15)

Altars:


Innate Abilities, Weirdness & Mutations

You are small and have problems with some larger weapons.
You are carnivorous and can eat meat at any time.


Message History

You barely miss the ogre.
The ogre is severely wounded.
The ogre completely misses you.
You hit the ogre.
The ogre is almost dead.
The ogre hits you with a giant club!
Ouch! That really hurt!
You see here 19 stones.
Your magical contamination has completely faded away.
You see here a club.
Wield which item (- for none, * to show all)? (? for menu, Esc to quit)
a - a +1 hand crossbow (weapon)
You see here a chain mail.
An orc comes into view.
Okay, then.
Wield which item (- for none, * to show all)? (? for menu, Esc to quit)
b - a +0 short sword (weapon)
The ogre hits you with a giant club!!
Ouch! That really hurt!
You die...

#.#.##....##.# #..........#
....##.##.###### #.#
....##.##......# #.# ..
....##..###.### #.##.# .
###....o.o...# #.##.#
#(#..###.#.# #.##.# #.#..#
#O#.# #.##.# ####.#.o###@#.#
#.##.#
.........##o#.#######.##.#
.........##..............###
####.#.#.o.[................
#.#....)<[..######.######
#.########..# #.# #..# #.#
########..######.#
.................#


You could see an ogre and 2 orcs.

Vanquished Creatures
  3 adders
  An ooze (D:3)
  2 worms (D:2)
  2 leopard geckos
  9 orcs
  4 giant cockroaches
  5 goblins
  6 hobgoblins
  3 jackals
  9 kobolds
  8 bats
  2 frilled lizards (D:1)
  8 rats
62 creatures vanquished.

Notes
Turn   | Place    | Note
-------+----------+-------------------------------------------
     0 | D:1      | Kosschaser the Kobold Hunter began the quest for the Orb.
     0 | D:1      | Reached XP level 1. HP: 12/12 MP: 1/1
    22 | D:1      | Reached skill level 5 in Crossbows
   115 | D:1      | Reached XP level 2. HP: 17/17 MP: 2/2
   121 | D:1      | You fall through a shaft!
   461 | D:2      | Reached XP level 3. HP: 20/22 MP: 3/3
  1265 | D:2      | Reached XP level 4. HP: 27/27 MP: 4/4
  1484 | D:2      | Reached skill level 1 in Short Blades
  1565 | D:2      | Learned a level 2 spell: Ensorcelled Hibernation
  2404 | D:3      | Reached skill level 1 in Armour
  2404 | D:3      | Reached XP level 5. HP: 31/31 MP: 5/5
  2686 | D:3      | Noticed an ogre
  2765 | D:3      | Mangled by an ogre

Skill      XL: |  1  2  3  4 |
---------------+-------------+-----
Crossbows      | 5 |  5.7
Stealth        | 2 3 |  3.3
Short Blades   | 1 |  1.5
Dodging        | 3 |  3.1
Armour         | 1 |  1.0
Fighting       | |  2.6

Action                   |  1- 3 |  4- 6 || total
-------------------------+-------+-------++-------
Melee: Short sword       |    46 |   130 ||   176
 Fire: Hand crossbow     |    40 |    26 ||    66
 Cast: Ensorcelled Hiber |       |     1 ||     1
 Stab: Sleeping          |       |     2 ||     2
  Eat: Chunk             |     7 |     5 ||    12
Armor: Leather armour    |    14 |    31 ||    45
Dodge: Dodged            |    48 |   128 ||   176
Block: Other             |     8 |    27 ||    35
       Reflection        |     4 |     1 ||     5
